 Dungeon Crawl Stone Soup version 0.31-a0-986-g5e6e4ef867 (webtiles) character file.

Game seed: 8805838590019994581

3854 RepHenryClay the Cleaver (level 9, -2/70 HPs)
             Began as a Minotaur Fighter on Nov 10, 2023.
             Was a Priest of Okawaru.
             Slain by a wyvern (15 damage)
             ... on level 8 of the Dungeon.
             The game lasted 00:13:37 (6941 turns).

RepHenryClay the Cleaver (Minotaur Fighter)         Turns: 6941, Time: 00:13:38

Health: -2/70      AC: 12    Str: 21    XL:     9   Next: 99%
Magic:  0/11       EV:  8    Int:  4    God:    Okawaru [***...]
Gold:   279        SH:  6    Dex: 17    Spells: 8/8 levels left

rFire   . . .        a - +1 war axe
rCold   . . .        c - +1 buckler
rNeg    . . .        w - +0 chain mail
rPois   .            (helmet restricted)
rElec   .            i - +0 cloak
rCorr   .            (no gloves)
SInv    .            (no boots)
Will    .....        A - amulet of guardian spirit Stlth
                     (no ring)
HPRegen 0.31/turn    (no ring)
MPRegen 0.12/turn

%: guardian spirit
@: about to teleport
A: horns 2, retaliatory headbutt, agile 1, teleportitis 1, wild magic 1
a: Renounce Religion, Heroism


You were on level 8 of the Dungeon.
You worshipped Okawaru.
Okawaru was most pleased with you.
You visited 2 branches of the dungeon, and saw 9 of its levels.

You collected 279 gold pieces.

Inventory:

Hand Weapons
 a - a +1 war axe (weapon)
Missiles
 o - a throwing net
 p - 16 poisoned darts (quivered)
Armour
 b - a +0 scale mail
 c - a +1 buckler (worn)
 i - a +0 cloak (worn)
 w - a +0 chain mail (worn)
Jewellery
 g - a ring of fire
 r - an amulet of magic regeneration
 A - an amulet of guardian spirit (around neck)
Scrolls
 e - a scroll of silence
 f - 3 scrolls of teleportation
 k - 2 scrolls of immolation
 m - a scroll of revelation
 n - 3 scrolls of noise
 y - 2 scrolls of enchant weapon
Potions
 d - a potion of lignification
 h - a potion of enlightenment
 l - 3 potions of degeneration


   Skills:
 - Level 3.6 Fighting
 + Level 13.1(13.2) Axes
 - Level 1.6(8.6) Maces & Flails
 - Level 5.0 Throwing
 - Level 7.5 Armour
 - Level 3.6 Shields
 - Level 5.0 Invocations


You had 8 spell levels left.
You didn't know any spells.
Your spell library contained the following spells:

 Spells                   Type           Power      Damage    Failure   Level
 Apportation              Tloc           0%         N/A       99%         1
 Necrotise                Necr           0%         1d4       99%         1
 Shock                    Conj/Air       0%         1d3       99%         1
 Cigotuvi's Dreadful Rot  Necr/Pois/Air  0%         N/A       100%        2
 Swiftness                Air            0%         N/A       100%        3
 Airstrike                Air            0%         2d(0-16)  100%        4
 Dispel Undead            Necr           0%         3d6       100%        4
 Summon Small Mammal      Summ           Unusable   N/A       N/A         1
 Death Channel            Necr           Unusable   N/A       N/A         6

Dungeon Overview and Level Annotations

Branches:
Dungeon (8/15)             Temple (1/1) D:5            Lair (0/5) D:8

Altars:
Dithmenos
Fedhas
Gozag
Kikubaaqudgha
Makhleb
Nemelex Xobeh
Okawaru
Qazlal
Ru
Trog
Uskayaw
Vehumet
Wu Jian
Xom
Yredelemnul
Zin
The Shining One

Shops:
D:3 (

Annotations:
D:6 2 runed translucent doors


Innate Abilities, Weirdness & Mutations

You have a pair of horns on your head.
You reflexively headbutt those who attack you in melee.
You are agile. (Dex +4, Str/Int -1)
You are occasionally teleported next to monsters.
Your spells are a little harder to cast, but a little more powerful.


Message History

You slash the wolf!
You kill the wolf!
Okawaru accepts your kill.
You hit the gnoll but do no damage. You slash the wyvern!
The gnoll is no longer moving quickly.
The wolf pauses to sniff the ground.
The wyvern bites you! The gnoll hits you but does no damage.
Huge Dmg: -15%(-11hp) hp: 58%(40hp)
You barely miss the gnoll. You hit the wyvern. You block the wyvern's attack.
The gnoll hits you but does no damage. You block the wyvern's attack.
You hit the gnoll.
The gnoll is moderately wounded.
You hit the wyvern but do no damage. The gnoll hits you with a +0 whip.
The wyvern barely misses you. You furiously retaliate!
You headbutt the wyvern.
Damage: -6%(-4hp) hp: 53%(37hp)
You hit the gnoll. You headbutt the gnoll!
You kill the gnoll!
Okawaru accepts your kill.
You hit the wyvern but do no damage. The wyvern bites you!
* * * LOW HITPOINT WARNING * * *
Huge Dmg: -13%(-9hp) hp: 40%(28hp)
You hit the wyvern.
The wyvern is severely wounded.
The wyvern bites you!
* * * LOW HITPOINT WARNING * * *
Huge Dmg: -15%(-11hp) hp: 25%(17hp) Welcome back, RepHenryClay the Minotaur Fighter.
Okawaru says: Bring me glory in combat!
Press ? for a list of commands and other information.
As you read the scroll of teleportation, it crumbles to dust.
You feel strangely unstable. The wyvern bites you!
* * * LOW HITPOINT WARNING * * *
The wyvern bites you.
* * * LOW HITPOINT WARNING * * *
Huge Dmg: -22%(-15hp) hp: 3%(2hp) Welcome back, RepHenryClay the Minotaur Fighter.
Okawaru says: Bring me glory in combat!
Press ? for a list of commands and other information.
You feel better. The wyvern bites you!
You die...

..... #... ..P..#+
#.. ..##...#.#.. #..
.....+... #..
....#.. #.# #..##
##.#######..###+####
#.h#.........'.o...#
#l#.........#.....#
#@#.........# o...#
#)####.##..## ..##
#.####.##..## .#
.#####......>....#
..
..................#
.
#.####.##.####..###
...
######..#########
#...
#./.#....).)<#...
#...
#...#........#...


You could see a wyvern and a wolf.

Vanquished Creatures
  A troll (D:7)
  2 wyverns
  6 water moccasins
  An orc warrior (D:7)
  2 black bears
  3 centaurs
  2 ogres
  A wolf (D:8)
  2 phantoms
  A kobold brigand (D:5)
  A bullfrog (D:7)
  A gnoll sergeant (D:7)
  6 scorpions
  4 wights
  5 killer bees
  2 howler monkeys (D:5)
  4 hounds
  4 orc priests
  A gnoll bouda (D:8)
  A jelly (D:2)
  2 sleepcaps
  An orc wizard (D:6)
  4 iguanas
  9 gnolls
  9 adders
  A river rat (D:6)
  A shadow imp (D:5)
  2 white imps
  6 dart slugs
  4 worms
  13 orcs
  5 ball pythons
  4 bats
  4 endoplasms
  3 giant cockroaches
  12 goblins
  9 hobgoblins
  2 jackals (D:3)
  10 kobolds
  3 quokkas (D:1)
  3 frilled lizards
  7 rats
164 creatures vanquished.

Notes
Turn   | Place    | Note
-------+----------+-------------------------------------------
     0 | D:1      | RepHenryClay the Minotaur Fighter began the quest for the
                  | Orb.
     0 | D:1      | Reached XP level 1. HP: 19/19 MP: 0/0
    73 | D:1      | Reached skill level 3 in Axes
    75 | D:1      | Reached XP level 2. HP: 26/26 MP: 1/1
   487 | D:1      | Reached XP level 3. HP: 31/31 MP: 2/2
   846 | D:2      | Reached skill level 4 in Axes
   864 | D:2      | Noticed a scorpion
   873 | D:2      | Killed a scorpion
   874 | D:2      | Reached skill level 5 in Axes
   874 | D:2      | Reached XP level 4. HP: 29/39 MP: 3/3
  1017 | D:2      | Reached skill level 5 in Armour
  1017 | D:2      | Reached XP level 5. HP: 45/45 MP: 4/4
  1590 | D:3      | Found Anid's Weapon Emporium.
  2023 | D:4      | Found an ornate altar of the Wu Jian Council.
  2147 | D:4      | Reached skill level 6 in Axes
  2181 | D:4      | Found the +5 robe of Misfortune {Harm *Corrode *Slow EV+5}
  2227 | D:4      | Reached XP level 6. HP: 35/51 MP: 5/5
  2286 | D:4      | Found a bloodstained altar of Trog.
  2353 | D:4      | Noticed a water moccasin
  2368 | D:4      | Killed a water moccasin
  2369 | D:4      | Reached skill level 7 in Axes
  2452 | D:4      | Found a hide-covered altar of Uskayaw.
  2507 | D:4      | Found an ancient bone altar of Kikubaaqudgha.
  3029 | D:5      | Entered Level 5 of the Dungeon
  3074 | D:5      | Found a shimmering altar of Xom.
  3100 | D:5      | Reached XP level 7. HP: 24/57 MP: 6/6
  3289 | D:5      | Reached skill level 8 in Axes
  3428 | D:5      | Found a blossoming altar of Fedhas.
  3597 | D:5      | Reached skill level 9 in Axes
  3837 | D:5      | Reached XP level 8. HP: 45/64 MP: 7/7
  3909 | D:5      | Found a staircase to the Ecumenical Temple.
  3924 | Temple   | Entered the Ecumenical Temple
  3929 | Temple   | Became a worshipper of Warmaster Okawaru
  3983 | D:5      | Reached skill level 1 in Invocations
  4605 | D:6      | You fall into a shaft and drop 2 floors!
  4622 | D:8      | HP: 1/61 [wight/+4 dagger (11)]
  4707 | D:7      | Reached * piety under Okawaru
  4708 | D:7      | Reached skill level 5 in Invocations
  4710 | D:7      | Reached skill level 1 in Maces & Flails
  4710 | D:7      | Reached skill level 1 in Throwing
  4767 | D:6      | Found a large runed translucent door.
  4767 | D:6      | Found a large runed translucent door.
  5529 | D:7      | Reached skill level 10 in Axes
  5676 | D:7      | Reached XP level 9. HP: 70/70 MP: 11/11
  5689 | D:7      | Noticed a troll
  5696 | D:7      | Killed a troll
  6150 | D:8      | Reached ** piety under Okawaru
  6168 | D:8      | Reached skill level 11 in Axes
  6191 | D:8      | Found a staircase to the Lair.
  6210 | D:7      | Reached skill level 5 in Throwing
  6347 | D:8      | Reached skill level 12 in Axes
  6359 | D:8      | Found a sacrificial altar of Ru.
  6391 | D:7      | Gained mutation: Your spells are a little harder to cast,
                  | but a little more powerful. [potion of mutation]
  6391 | D:7      | Gained mutation: You are agile. (Dex +4, Str/Int -1)
                  | [potion of mutation]
  6391 | D:7      | Gained mutation: You are occasionally teleported next to
                  | monsters. [potion of mutation]
  6800 | D:8      | Found a basalt altar of Yredelemnul.
  6893 | D:8      | Reached *** piety under Okawaru
  6926 | D:8      | Reached skill level 13 in Axes
  6940 | D:8      | HP: 2/70 [wyvern (4)]
  6941 | D:8      | Slain by a wyvern

Illustrated notes

Levels and vault maps discovered:
D:1:      matt_arrival_diagonals, layout_loops_ring,
          nicolae_houndstooth_variations
D:2:      layout_basic
D:3:      layout_loops_cross, serial_shops, nicolae_shop_scrapyard
D:4:      layout_basic, lemuel_coloured_pillars_altar,
          kiku_gazebo_garden_becter, mainiacjoe_overflow_small_starburst,
          lemuel_round_altar
D:5:      layout_basic, xom_butterflies, fedhas_altar_3,
          minmay_temple_entry_glassed_door, kennysheep_cluttered_room
D:6:      layout_cave_pools, jmf_multi_god_temple2, gup_sewer_entry_bubbles,
          kennysheep_generic_room_10
D:7:      layout_cave_pools, serial_rivers, chequers_serial_rivers_micro_a,
          chequers_serial_rivers_micro_b, chequers_serial_rivers_room_a,
          chequers_serial_rivers_micro_a, chequers_serial_rivers_micro_a
D:8:      layout_gridville, nicolae_ru_sacrificial_ziggurat,
          cheibrodos_worm_habitat, lemuel_doored_altar, minmay_lair_entry_grove
Temple:   nicolae_temple_ecumenical_triangle

Skill      XL: |  1  2  3  4  5  6  7  8  9 |
---------------+----------------------------+-----
Axes           | 3 5 6 7 9 10 13 | 13.1
Armour         | 4 5 6 7 |  7.5
Invocations    | 5 |  5.0
Maces & Flails | 1 |  1.6
Throwing       | 3 5 |  5.0
Fighting       | |  3.6
Shields        | |  3.6

Action                     |  1- 3 |  4- 6 |  7- 9 || total
---------------------------+-------+-------+-------++-------
  Melee: War axe           |    61 |   112 |   263 ||   436
         Headbutt          |     7 |    17 |    42 ||    66
  Throw: Dart              |       |     5 |    37 ||    42
 Invoke: Heroism           |       |       |     2 ||     2
    Use: Scroll            |       |       |    19 ||    19
         Potion            |       |       |    12 ||    12
   Stab: Invisible         |       |       |     2 ||     2
 Armour: Scale mail        |    47 |    71 |    18 ||   136
         Chain mail        |       |       |   284 ||   284
  Dodge: Dodged            |    25 |    55 |   124 ||   204
  Block: Buckler           |    13 |    19 |    91 ||   123

Table legend: (Time is in decaauts)
 A = Elapsed time spent in this place.
 B = Non-inter-level travel time spent in this place.
 C = Inter-level travel time spent in this place.
 D = Time resting spent in this place.
 E = Time spent auto-exploring this place.
 F = Levels seen in this place.
 G = Mean time per level.
                   A        B        C        D        E       F      G
               +--------+--------+--------+--------+--------+-----+--------+
         Total |   7035 |   6848 |    187 |   1015 |   4371 |   9 |  781.7 |
       Dungeon |   7024 |   6837 |    187 |   1015 |   4371 |   8 |  878.0 |
        Temple |     10 |     10 |      0 |      0 |      0 |   1 |   10.0 |
               +--------+--------+--------+--------+--------+-----+--------+

Top non-repeatable levels by time:
     D:7: 1159 daAuts
     D:4: 1129 daAuts
     D:6: 1127 daAuts
     D:5: 1110 daAuts
     D:1: 752 daAuts
     D:2: 729 daAuts
     D:3: 570 daAuts
     D:8: 444 daAuts
  Temple: 10 daAuts
